 Dungeon Crawl Stone Soup version 0.22-a0-377-g846bec1 (webtiles) character file.

27 4thArraOfDagon the Digger (level 3, -4/31 HPs)
             Began as an Ogre Earth Elementalist on Apr 27, 2018.
             Slain by a scorpion (6 damage)
             ... on level 3 of the Dungeon.
             The game lasted 00:02:48 (503 turns).

4thArraOfDagon the Digger (Ogre Earth Elementalist)  Turns: 503, Time: 00:02:48

Health: -4/31      AC:  3    Str: 12    XL:     3   Next: 10%
Magic:  0/7        EV: 10    Int: 17    God:
Gold:   70         SH:  0    Dex:  9    Spells: 7/8 levels left

rFire    . . .     SeeInvis .   m - +0 dagger (speed)
rCold    . . .     Gourm    .   (no shield)
rNeg     . . .     Faith    .   c - +0 robe
rPois    .         Spirit   .   (helmet restricted)
rElec    .         Reflect  .   (no cloak)
rCorr    .         Harm     .   (gloves unavailable)
MR       .....                  (boots unavailable)
Stlth    +.........             (no amulet)
HPRegen  0.10/turn              (no ring)
MPRegen  0.10/turn              (no ring)

@: lethally poisoned (-4 -> -10)
A: large, unfitting armour, tough skin 1
a: no special abilities


You were on level 3 of the Dungeon.
You were not hungry.

You visited 1 branch of the dungeon, and saw 4 of its levels.

You collected 70 gold pieces.

Inventory:

Hand Weapons
 m - a +0 dagger of speed (weapon)
Missiles
 b - 58 stones (quivered)
Armour
 c - a +0 robe (worn)
 f - a +0 shield
Scrolls
 e - 2 scrolls of remove curse {unknown}
 g - a scroll of enchant weapon {unknown}
 h - a scroll of fear {unknown}
 l - a scroll of teleportation {unknown}
 n - 2 scrolls of identify {unknown}
 o - a scroll of amnesia {unknown}
Potions
 a - a potion of cancellation {unknown}
 i - a potion of curing {unknown}
 j - 2 potions of heal wounds {unknown}
 k - a potion of ambrosia {unknown}
Comestibles
 d - 4 rations


   Skills:
 - Level 1.7 Dodging
 - Level 1.4 Stealth
 + Level 3.0 Spellcasting
   Level 0.8 Transmutations
 * Level 3.4 Earth Magic


You had 7 spell levels left.
You knew the following spells:

 Your Spells              Type           Power        Failure   Level  Hunger
a - Sandblast             Erth           ##....       4%          1    None


Dungeon Overview and Level Annotations

Branches:
Dungeon (4/15)
 Temple: D:4-7

Altars:
Qazlal
Uskayaw


Innate Abilities, Weirdness & Mutations

You are too large for most types of armour.
You have tough skin. (AC +1)


Message History

Unknown command.
* * * LOW HITPOINT WARNING * * *
You feel sick.
Unknown command.
* * * LOW HITPOINT WARNING * * *
You feel sick.
Unknown command.
There is a hide-covered altar of Uskayaw here.
Unknown command.
Press < or > to pray at altars.
Casting: Sandblast (safe; 4% risk of failure)
Confirm with . or Enter, or press ? or * to list all spells.
Aiming: Sandblast (safe; 4% risk of failure)
Press: ? - help, Shift-Dir - straight line, f/p - scorpion
Aim: a scorpion (almost dead)
The blast of sand misses the scorpion.
b - 58 stones
* * * LOW HITPOINT WARNING * * *
You feel sick. The scorpion stings you.
You die...

##.>...##
##.......##
#.........#
+.........+
#.........###
##..........#
##....####.#
##.s.#(.#.#
##.@.#(.#.#
#....#..#.#
#....####.#
###.#.......###.#
#...............#
.#......#####....
#.##...#.# .. ...
####.###..#.#.# #
..............#


You could see a scorpion and 2 dancing weapons.

Vanquished Creatures
  An ooze (D:1)
  A dart slug (D:1)
  A leopard gecko (D:2)
  4 orcs (D:3)
  2 giant cockroaches (D:3)
  A goblin (D:2)
  A hobgoblin (D:2)
  2 kobolds (D:3)
  A frilled lizard (D:2)
14 creatures vanquished.

Notes
Turn   | Place    | Note
-------+----------+-------------------------------------------
     0 | D:1      | 4thArraOfDagon the Ogre Earth Elementalist began the quest for the Orb.
     0 | D:1      | Reached XP level 1. HP: 16/16 MP: 3/3
    85 | D:1      | Reached XP level 2. HP: 11/24 MP: 3/5
   299 | D:3      | Noticed an earth elemental
   301 | D:3      | Found a stormy altar of Qazlal.
   302 | D:3      | Noticed a water elemental
   302 | D:3      | Noticed a fire elemental
   302 | D:3      | Noticed an air elemental
   370 | D:3      | Reached XP level 3. HP: 31/31 MP: 7/7
   432 | D:3      | Noticed a hand axe
   432 | D:3      | Noticed a hand axe
   433 | D:3      | Found a hide-covered altar of Uskayaw.
   475 | D:4      | Noticed a scorpion
   476 | D:4      | Noticed an ogre
   503 | D:3      | Slain by a scorpion

Vault maps used:
D:1:      eino_arrival_druids_welcome
D:2:      kennysheep_slug_shrine
D:3:      overflow_temple_1_default, nicolae_qazlal_style_of_elements,
          tso_oasis_becter, dancing_weapons_uskayaw, uniq_terence
D:4:      minmay_door_path, first_ration, uniq_menkaure

Skill      XL: |  1  2 |
---------------+-------+-----
Earth Magic    | 3 |  3.4
Spellcasting   | 3 |  3.0
Dodging        | |  1.7
Stealth        | |  1.4
Transmutations | |  0.8

Action                   || total
-------------------------++-------
Melee: Dagger            ||    15
 Cast: Sandblast         ||    25
Armor: Robe              ||     3
Dodge: Dodged            ||    10

Table legend:
 A = Spawn XP
 B = Non-spawn XP
 C = Spawn XP percentage of total XP
 D = Spawn monster count
 E = Non-spawn monster count
 F = Spawn count percentage of total count
 G = Total turns spent on level
                    A         B        C        D         E        F      G
               +---------+---------+-------+---------+---------+-------+---------
         Total |       0 |      39 |   0.0 |       0 |      14 |   0.0 |   503
               +---------+---------+-------+---------+---------+-------+---------
           D:1 |       0 |      11 |   0.0 |       0 |       2 |   0.0 |   115
           D:2 |       0 |       8 |   0.0 |       0 |       4 |   0.0 |   122
           D:3 |       0 |      20 |   0.0 |       0 |       8 |   0.0 |   248
               +---------+---------+-------+---------+---------+-------+---------
